 Dungeon Crawl Stone Soup version 0.27-a0-249-g74f53ef629 (webtiles) character file.

Game seed: 4155309321516886419

1473 sahdkjhfkaj the Covert (level 8, 0/55 HPs)
             Began as a Felid Berserker on Feb 3, 2021.
             Was an Elder of Trog.
             Slain by an orc
             ... wielding a +0 short sword
              (4 damage)
             ... on level 6 of the Dungeon.
             The game lasted 00:04:11 (8204 turns).

sahdkjhfkaj the Covert (Felid Berserker)            Turns: 8204, Time: 00:04:11

Health: 0/55       AC:  2    Str: 13    XL:     8   Next: 49%
Magic:  9/9        EV: 24    Int:  9    God:    Trog [****..]
Gold:   357        SH:  0    Dex: 17    Spells: 7/7 levels left
                                        Lives:  0   Deaths: 2

rFire    . . .     SeeInvis +     - Unarmed
rCold    . . .     Faith    .   (shield unavailable)
rNeg     . . .     Spirit   .   (armour unavailable)
rPois    .         Reflect  .   (helmet unavailable)
rElec    .         Harm     .   (cloak unavailable)
rCorr    .         Rampage  .   (gloves unavailable)
Will     +....                  (boots unavailable)
Stlth    ..........             (no amulet)
HPRegen  0.18/turn              (no ring)
MPRegen  0.11/turn              (no ring)

@: berserking, very quick
A: very small, no armour, no weapons or thrown items, stealth, claws 1, fangs 3,
see invisible, speed 1, shaggy fur 2, sharp paws
a: Renounce Religion, Berserk, Trog's Hand, Brothers in Arms


You were on level 6 of the Dungeon.
You worshipped Trog.
Trog was greatly pleased with you.
You visited 1 branch of the dungeon, and saw 6 of its levels.

You collected 357 gold pieces.

Inventory:

Jewellery
 b - an uncursed amulet of faith {unknown}
 h - an uncursed amulet of the acrobat {unknown}
 k - a cursed ring of teleportation {unknown}
 s - an uncursed amulet of the acrobat {unknown}
 v - an uncursed ring of fire {unknown}
 w - an uncursed amulet of regeneration {unknown}
 x - an uncursed ring of willpower {unknown}
 z - an uncursed amulet of guardian spirit {unknown}
 C - an uncursed ring of positive energy {unknown}
Wands
 B - a wand of polymorph (7)
Scrolls
 a - 6 scrolls of teleportation
 f - 2 scrolls of identify
 m - a scroll of magic mapping {unknown}
 n - 3 scrolls of blinking
 o - 4 scrolls of remove curse
 p - a scroll of amnesia {unknown}
 q - a scroll of fog {unknown}
 y - a scroll of fear {unknown}
Potions
 c - 2 potions of brilliance {unknown}
 d - 2 potions of lignification {unknown}
 e - 2 potions of curing {unknown}
 g - a potion of attraction {unknown}
 i - 2 potions of ambrosia {unknown}
 j - a potion of mutation {unknown}
 l - 2 potions of heal wounds {unknown}
 r - a potion of haste
 t - a potion of invisibility {unknown}
 u - a potion of berserk rage {unknown}
 A - 2 potions of flight {unknown}


   Skills:
 + Level 5.5 Fighting
 * Level 8.4 Dodging
 * Level 9.5 Stealth
 + Level 6.7 Unarmed Combat


You had 7 spell levels left.
You didn't know any spells.
Your spell library was empty.

Dungeon Overview and Level Annotations

Branches:
Dungeon (6/15)
 Temple: D:4-7

Altars:
Cheibriados
Fedhas

Shops:
D:5 ?(   D:6 (


Innate Abilities, Weirdness & Mutations

You cannot wear armour.
You are incapable of wielding weapons or throwing items.
Your paws allow you to move quietly. (Stealth)
You have sharp claws.
You have razor-sharp teeth.
You have supernaturally acute eyesight. (SInv)
You cover ground quickly.
You are covered in thick fur. (AC +2)
Your sharp claws are effective at attacking unaware monsters.


Message History

Unknown command.
Unknown command.
You closely miss the ice beast. Your bite misses the ice beast.
The ice beast is moderately wounded.
The orc priest misses you. The orc priest barely misses you.
The centaur completely misses you.
Unknown command.
Unknown command.
Unknown command.
Unknown command.
Unknown command.
Unknown command.
Unknown command.
Unknown command.
You barely miss the ice beast.
The ice beast is moderately wounded.
The ice beast barely misses you.
The bullfrog skeleton completely misses you.
The orc hits you with a +0 short sword.
You die...

####.####......
...............
#.......#.....
........?....
...........#
.......Z...###
......ooY....#
#######
......c@Z....#
#......
......oo.....#
#......
.............#
#......
.......$.....#
#......
.....####....#
#...... .....
#....#####......
....
#...............
....
#...............
#.....[.........


You could see an ice beast, a centaur, 2 orc priests, 2 orcs, a quokka skeleton
and a bullfrog skeleton.

Vanquished Creatures
  Sigmund (D:4)
  Duvessa (D:4)
  A sky beast (D:5)
  4 ogres
  3 phantoms
  A centaur (D:5)
  Blork the orc (D:4)
  Dowan (D:4)
  A scorpion (D:4)
  A howler monkey (D:4)
  A centaur zombie (D:5)
  A hound (D:4)
  A jelly (D:5)
  4 orc priests
  Jessica (D:2)
  4 bullfrog skeletons
  An orc wizard (D:6)
  3 worker ants (D:4)
  A hound zombie (D:5)
  6 gnolls
  9 adders
  2 white imps (D:5)
  4 adder skeletons
  2 worms (D:2)
  2 dart slugs (D:4)
  4 leopard geckos
  9 orcs
  2 bats
  4 giant cockroaches
  15 goblins
  12 hobgoblins
  5 jackals
  2 quokkas
  4 frilled lizards
  13 kobolds
  6 rats
133 creatures vanquished.

Notes
Turn   | Place    | Note
-------+----------+-------------------------------------------
     0 | D:1      | sahdkjhfkaj the Felid Berserker began the quest for the
                  | Orb.
     0 | D:1      | Reached XP level 1. HP: 10/10 MP: 2/2
    33 | D:1      | Reached skill level 1 in Stealth
   105 | D:1      | Reached XP level 2. HP: 14/14 MP: 3/3
   635 | D:1      | Reached skill level 2 in Stealth
   842 | D:2      | Reached ** piety under Trog
   901 | D:2      | Reached XP level 3. HP: 17/17 MP: 4/4
  1945 | D:2      | Noticed Jessica
  1951 | D:2      | Killed Jessica
  1952 | D:2      | Reached skill level 3 in Stealth
  1952 | D:2      | Reached XP level 4. HP: 14/21 MP: 5/5
  2546 | D:3      | Reached XP level 5. HP: 14/24 MP: 6/6
  2546 | D:3      | HP: 1/36 [orc/+0 morningstar (13)]
  2548 | D:3      | Mangled by an orc
  2549 | D:3      | Reached XP level 4. HP: -6/31 MP: 5/5
  2571 | D:3      | Reached skill level 4 in Stealth
  2928 | D:3      | Reached *** piety under Trog
  3376 | D:4      | Reached skill level 5 in Dodging
  3427 | D:4      | Reached XP level 5. HP: 20/25 MP: 6/6
  3716 | D:4      | Reached skill level 5 in Stealth
  3928 | D:4      | Gained mutation: You are covered in thick fur. (AC +2)
                  | [Felid growth]
  3928 | D:4      | Reached XP level 6. HP: 28/28 MP: 7/7
  4141 | D:4      | Found a snail-covered altar of Cheibriados.
  4165 | D:4      | Noticed Blork the orc
  4180 | D:4      | Killed Blork the orc
  4181 | D:4      | Reached skill level 5 in Unarmed Combat
  4549 | D:4      | Reached skill level 6 in Stealth
  4857 | D:4      | Reached XP level 7. HP: 32/32 MP: 8/8
  4870 | D:4      | Noticed Sigmund
  4877 | D:4      | Killed Sigmund
  4995 | D:4      | Reached skill level 7 in Stealth
  5232 | D:5      | Entered Level 5 of the Dungeon
  5232 | D:5      | Noticed Duvessa
  5232 | D:5      | Noticed Dowan
  5248 | D:4      | HP: 1/49 [Duvessa/+0 short sword (5)]
  5249 | D:4      | Slain by Dowan
  5250 | D:4      | Reached XP level 6. HP: -3/43 MP: 7/7
  5389 | D:4      | Killed Dowan
  5660 | D:4      | Killed Duvessa
  5661 | D:4      | Reached XP level 7. HP: 33/33 MP: 8/8
  5729 | D:4      | Found a snail-covered altar of Cheibriados.
  6608 | D:5      | Reached **** piety under Trog
  6611 | D:5      | Reached skill level 5 in Fighting
  6611 | D:5      | Reached skill level 8 in Stealth
  7005 | D:5      | Found Ychiu's Weapon Shoppe.
  7030 | D:5      | Found a blossoming altar of Fedhas.
  7049 | D:5      | Reached XP level 8. HP: 32/37 MP: 9/9
  7381 | D:5      | Found Maph's Magic Scroll Shop.
  7644 | D:5      | Reached skill level 9 in Stealth
  7716 | D:6      | Found Leiwemomp's Antique Weapon Shop.
  8204 | D:6      | Slain by an orc

Illustrated notes

Levels and vault maps discovered:
D:1:      amcnicky_arrival_gap_in_the_tavern_cellar, layout_rooms
D:2:      layout_basic, st_stairs_6, hangedman_decor_points,
          minmay_misc_feat_rugged, uniq_jessica
D:3:      layout_rooms, kennysheep_generic_room_2
D:4:      minmay_thinvault, layout_basic, old_standard_altar,
          grunt_ministairs_11, uniq_blork_the_orc, uniq_sigmund
D:5:      layout_loops_cross, lemuel_doored_altar, serial_shops, shop, shop,
          item_on_display_a, uniq_duvessa
D:6:      layout_basic, old_standard_altar, grunt_gozag_statues, serial_shops,
          shop

Skill      XL: |  1  2  3  4  5  6  7  8 |
---------------+-------------------------+-----
Stealth        | 1 2 3 4 5 6 8 9 |  9.5
Unarmed Combat | 4 6 |  6.7
Dodging        | 5 7 8 |  8.4
Fighting       | 4 5 |  5.5

Action                   |  1- 3 |  4- 6 |  7- 9 || total
-------------------------+-------+-------+-------++-------
Melee: Unarmed           |   112 |   152 |   156 ||   420
       Bite              |     9 |    14 |    15 ||    38
       Punch             |     1 |     2 |     9 ||    12
Invok: Berserk           |     2 |     6 |     5 ||    13
       Trog's Hand       |       |     1 |     1 ||     2
  Use: Scroll            |       |     8 |       ||     8
 Stab: Sleeping          |     6 |    14 |     7 ||    27
Armor: Skin              |     4 |     3 |     5 ||    12
Dodge: Dodged            |    84 |    99 |   146 ||   329

Table legend: (Time is in decaauts)
 A = Elapsed time spent in this place.
 B = Non-inter-level travel time spent in this place.
 C = Inter-level travel time spent in this place.
 D = Time resting spent in this place.
 E = Time spent auto-exploring this place.
 F = Levels seen in this place.
 G = Mean time per level.
                   A        B        C        D        E       F      G
               +--------+--------+--------+--------+--------+-----+--------+
         Total |   7355 |   7231 |    124 |    837 |   5563 |   6 | 1225.8 |
       Dungeon |   7355 |   7231 |    124 |    837 |   5563 |   6 | 1225.8 |
               +--------+--------+--------+--------+--------+-----+--------+

Top non-repeatable levels by time:
     D:4: 2662 daAuts
     D:2: 1412 daAuts
     D:5: 1198 daAuts
     D:3: 961 daAuts
     D:1: 655 daAuts
     D:6: 464 daAuts
